[Event "European Women-ch 2023"]
[Site "Petrovac"]
[Date "2023.03.25"]
[Round "7.14"]
[White "Koridze, Lile"]
[Black "Lazarne Vajda, Szidonia"]
[Result "1-0"]
[Annotator "TA"]
[ECO "D12"]
[WhiteElo "2122"]
[BlackElo "2294"]
[PlyCount "119"]
[EventDate "2023.03.15"]
[EventType "swiss"]
[EventCountry "MNE"]
[SourceTitle "playchess.com"]
[Source "ChessBase"]
[SourceQuality "1"]
[TimeControl "40/5400+30:1800+30"]

1. d4 d5 2. c4 c6 3. Nf3 Nf6 4. e3 Bf5 5. Nc3 e6 6. Qb3 Qb6 7. c5 Qc7 8. Nh4 Bg6 {[%emt 0:03:25] D12: Slav Defence: 3 Nf3 Nf6 4 e3 Bf5.} 9. Nxg6 hxg6 10. f4 ({White should play} 10. g3 $11) 10... b6 $15 {[%emt 0:04:21] Black is slightly better.} 11. cxb6 axb6 12. Be2 Be7 13. Bd2 {[%emt 0:02:40] [#]} Nfd7 $146 ({Predecessor:} 13... O-O 14. O-O c5 15. Rac1 Nc6 16. Bf3 Qd7 17. Na4 Nxd4 18. exd4 Qxa4 19. Qxb6 Rfb8 {0-1 Forman,S (2274)-Rodshtein,T (2243) CZE-chT1W 1819 2018 (11.6)}) 14. O-O f5 15. g3 Nf6 16. Rac1 Nbd7 17. a3 Kf7 18. Bf3 Rh7 19. Kg2 Rah8 20. h4 Qb7 21. Ne2 Ne4 22. Rc2 Qa8 (22... Qa6 {with more complications.} 23. Be1 Rc8 24. Ng1 c5) 23. Bxe4 fxe4 24. Be1 Qa6 25. Ng1 Rc8 26. Nh3 {[%emt 0:01:00] Hoping for Ng5+.} Rhh8 $1 27. Rcf2 (27. Bc3 {feels hotter.} Bd6 28. Ng5+ Ke7 29. Rcc1) 27... Rcf8 (27... Bd6 $11 {remains equal.}) 28. Ng5+ (28. Qd1 $16) 28... Bxg5 $11 29. fxg5+ Ke8 $2 {[%emt 0:02:54] [#]} ({Better is} 29... Ke7 $1 $14) 30. Bb4 $1 $18 Rf5 31. Qc3 Qb7 (31... Qb5 $142 32. Bd6 Kf7) 32. Bd6 Kf7 (32... c5 {was called for.} 33. dxc5 Nxc5 34. Rxf5 gxf5) 33. Qd2 Kg8 34. g4 Rf3 35. Rxf3 (35. Qe2 Qc8 36. Rxf3 exf3+ 37. Qxf3 Qe8 $18) 35... exf3+ {[%emt 0:00:04] Black is weak on the dark squares} 36. Kg3 (36. Kxf3 e5 37. Kg3 (37. dxe5 Nc5 $16) 37... Qa8 38. dxe5 (38. Qf2 Qe8 $18) 38... Nc5 39. Bxc5 (39. Rf8+ $2 Qxf8 40. Bxf8 Ne4+ 41. Kf4 Nxd2 $19) 39... bxc5 $18) (36. Rxf3 $142 e5 37. Qf2 (37. Bxe5 Nxe5 38. dxe5 Qe7 $16)) 36... e5 37. dxe5 (37. Bxe5 Nxe5 38. dxe5 Qe7 $16) ({White should try} 37. Rxf3 $18 {Threatens to win with Qf2.} e4 38. Rf1) 37... Nc5 $16 38. Bxc5 (38. Kxf3 Ne4 39. Qe1 Qd7 $11) 38... bxc5 39. Rxf3 {[%emt 0:00:27][%mdl 4096] Endgame KQR-KQR} (39. Kxf3 $6 Qf7+ 40. Kg2 Qe6 $11) 39... Qe7 40. Qc3 Kh7 41. Rf2 Re8 42. Rf4 c4 43. Kf3 (43. a4 $16) 43... c5 44. h5 Qxg5 (44... gxh5 $5 45. Qc2+ Kg8 $11) 45. hxg6+ Qxg6 46. Rf5 {[%emt 0:00:30] And now Qc2 would win.} Kg8 47. Qc2 {[%emt 0:02:15] aiming for Qa4.} (47. Qd2 $5 Qc6 48. Qc2 $14) 47... Qh7 48. Kg2 $36 {[%emt 0:02:09][%mdl 2048] Prevents Qh3+. Qd1 is the strong threat. White has good play.} (48. Qg2 g6 49. Rf6 Rxe5 $15) 48... Qh4 49. Qd1 Qd8 50. Qa4 {[%emt 0:03:28] [#] Black must now prevent Qc6.} (50. e6 {simplifies} Rxe6 51. Rxd5 Qf6 52. Rd8+) 50... Re6 {[%emt 0:08:01] Wards off Qc6} (50... Qb8 51. Qd7 Rxe5 52. Qf7+ Kh8 53. Qh5+ Kg8 54. Rxe5 Qxb2+ 55. Kh3) (50... g6 $16 {was worth a try.} 51. Rf6 Rxe5) 51. Qa7 $18 {[%emt 0:01:00] Intending Qf7+ and mate.} Rh6 $2 (51... Qe8 52. Qxc5 g6) 52. Qf7+ ({Weaker is} 52. Qxc5 Qh4 53. Qxd5+ Kh7 $14) 52... Kh7 53. Rh5 Rxh5 54. Qxh5+ {[%emt 0:00:04] KQ-KQ} Kg8 55. e6 {[%emt 0:00:59][%cal Be5e6,Be6e7][%mdl 32] White threatens Qf7+ and mate.} Qf6 {[%emt 0:01:04] Wards off Qf7+} 56. Qe8+ {[%emt 0:00:32] White mates.} Kh7 57. e7 Qxb2+ 58. Kh3 Qe5 59. Qh5+ Qxh5+ 60. gxh5 {[%emt 0:00:03] Weighted Error Value: White=0.20 (precise) /Black=0.39} 1-0

[Event "European Women-ch 2023"]
[Site "Petrovac"]
[Date "2023.03.25"]
[Round "7.15"]
[White "Zaksaite, Salomeja"]
[Black "Krasteva, Beloslava"]
[Result "1-0"]
[Annotator "TA"]
[ECO "B87"]
[WhiteElo "2187"]
[BlackElo "2292"]
[PlyCount "77"]
[EventDate "2023.03.15"]
[EventType "swiss"]
[EventCountry "MNE"]
[SourceTitle "playchess.com"]
[Source "ChessBase"]
[SourceQuality "1"]
[TimeControl "40/5400+30:1800+30"]

1. e4 c5 2. Nf3 d6 3. d4 cxd4 4. Nxd4 Nf6 5. Nc3 a6 6. Bc4 e6 7. O-O b5 8. Bb3 Be7 9. Qf3 Qc7 10. Qg3 O-O 11. Bh6 Ne8 12. Rad1 Bd7 13. Nf3 {[%emt 0:09:53] is the legacy move (13.f4).} Nc6 {[%emt 0:03:42] B87: Sicilian Scheveningen/Najdorf: 6 Bc4, with early ...b5.} 14. Bf4 Qb7 15. e5 dxe5 {[%emt 0:03:02] The position is equal.} 16. Nxe5 Nxe5 17. Bxe5 Bf6 {[%emt 0:05:04] [#]} 18. f4 $146 ({Predecessor:} 18. Rd4 Bc6 19. f4 Qb6 20. Qf2 Qb7 21. Rfd1 Rc8 22. a3 a5 23. Ne2 Be4 24. Rd7 {½-½ Ruck,T (2316)-Papp,P (2335) HUN-chT 1617 2016 (3.10)}) 18... a5 {[%emt 0:08:37][%cal Ba6a5,Ba5a4][%mdl 32] Strongly threatening ...a4.} 19. a3 {[%emt 0:00:25] Active counter play!} Bc6 20. Ne2 (20. f5 $11 {was preferrable.}) 20... a4 $15 21. Ba2 b4 22. Rf2 Ra5 (22... bxa3 $15 23. bxa3 Be4) 23. axb4 Qxb4 24. Bc3 Bxc3 25. Qxc3 Qb6 (25... Qxc3 {simplifies} 26. Nxc3 Nf6 27. Rfd2 g6) 26. Qd4 $1 {[%emt 0:12:10] Dodges Nf6} Qb7 (26... Qb8 $5 ) 27. Qc3 Ra6 (27... Ra8 $5 ) 28. Rd8 (28. Nd4 $15) 28... Qc7 $17 29. Rd1 {[%emt 0:03:57] [#]} Nf6 $1 30. Ng3 (30. Bc4 $2 Ne4 31. Qe5 Qxe5 32. fxe5 Nxf2 33. Kxf2 Ra5 $19) 30... Ng4 $2 (30... h5 $17 {and life is bright.} 31. f5 e5) 31. Nh5 $36 {[%emt 0:01:38][%csl Gh5][%cal Rc3g7][%mdl 2048] White is on the roll.} e5 $2 {[%emt 0:04:13] [#] This costs Black the game.} (31... Nxf2 $2 32. Qxg7#) (31... Nf6 $16 {keeps fighting.} 32. Nxf6+ gxf6) 32. Qg3 $1 $18 Bd7 {[%emt 0:04:15] ...g6 would be deadly.} 33. f5 Rg6 (33... Bxf5 34. Rxf5 Rg6) 34. fxg6 hxg6 {[%emt 0:00:04] [#]} 35. h3 $1 Nxf2 (35... gxh5 36. hxg4) 36. Qxg6 {[%emt 0:00:06][%csl Gh5][%cal Rg6g7] White mates.} Nxh3+ 37. Kf1 ({Not} 37. gxh3 Qc5+ 38. Kh2 Qf2+ 39. Qg2 Qxg2+ 40. Kxg2 Bb5 $18) 37... Bb5+ 38. Ke1 Qa5+ 39. c3 {[%emt 0:00:11] Beautiful play by Zaksaite!   Weighted Error Value: White=0.14 (very precise) /Black=0.55} 1-0

[Event "European Women-ch 2023"]
[Site "Petrovac"]
[Date "2023.03.25"]
[Round "7.15"]
[White "Petrova, Irina"]
[Black "Zhezhovska, Monika"]
[Result "1-0"]
[Annotator "TA"]
[ECO "B21"]
[WhiteElo "2123"]
[BlackElo "1761"]
[PlyCount "31"]
[EventDate "2023.03.15"]
[EventType "swiss"]
[EventCountry "MNE"]
[SourceTitle "playchess.com"]
[Source "ChessBase"]
[SourceQuality "1"]
[TimeControl "40/5400+30:1800+30"]

1. e4 c5 2. d4 cxd4 3. c3 dxc3 4. Nxc3 e6 5. Nf3 Nc6 6. Bc4 Bc5 7. O-O a6 8. Bf4 {[%emt 0:03:05] B21: Sicilian: 2 f4 and Morra Gambit.} b5 9. Bb3 d6 10. Qe2 {[%emt 0:04:58] [#] The position is equal.} Nf6 $146 ({Predecessor:} 10... Ra7 11. Rfd1 Qe7 12. Rac1 Nf6 13. e5 dxe5 14. Nxe5 Nxe5 15. Qxe5 Bxf2+ 16. Kf1 Bc5 17. Nxb5 axb5 {1-0 Schmidt,P (1424)-Hinkelmann,D (1350) Mecklenburg VP LL2 Ost 1617 2016 (1.7)}) 11. Rfd1 {[%emt 0:00:49] [#] And now e5 would win.} Qc7 12. e5 Nh5 (12... dxe5 $11 {keeps the balance.} 13. Nxe5 O-O) 13. Be3 $36 {[%emt 0:02:12][%mdl 2048] White has strong initiative. White is more active.} Bxe3 (13... Nxe5 $2 14. Nxe5 Bxe3 15. fxe3 $18 (15. Qxh5 Bxf2+ {[%mdl 64] Decoy} 16. Kxf2 Qc5+ {[%mdl 64] Pin} 17. Kf1 Qxe5 $18)) 14. Qxe3 Nxe5 (14... dxe5 $16 15. Qg5 g6) 15. Nxe5 $18 dxe5 16. Qf3 {[%emt 0:00:07] Inhibits Nf6.   Weighted Error Value: White=0.11 (very precise) /Black=0.51} 1-0

[Event "European Women-ch 2023"]
[Site "Petrovac"]
[Date "2023.03.25"]
[Round "7.16"]
[White "Gaboyan, Susanna"]
[Black "Stefanova, Antoaneta"]
[Result "1-0"]
[Annotator "TA"]
[ECO "B11"]
[WhiteElo "2160"]
[BlackElo "2435"]
[PlyCount "87"]
[EventDate "2023.03.15"]
[EventType "swiss"]
[EventCountry "MNE"]
[SourceTitle "playchess.com"]
[Source "ChessBase"]
[SourceQuality "1"]
[TimeControl "40/5400+30:1800+30"]

1. e4 c6 2. Nf3 d5 3. Nc3 Bg4 4. Be2 Nf6 5. Ne5 Bxe2 6. Qxe2 {[%emt 0:00:27] B11: Caro-Kann: Two Knights Variation.} dxe4 7. Nxe4 {[%emt 0:00:28] [#] Ng5 is the strong threat.} Qd5 8. Nxf6+ {[%emt 0:02:52] The position is equal.} gxf6 9. Nf3 {[%emt 0:00:59] [#]} Rg8 $146 ({Predecessor:} 9... c5 10. b3 Nc6 11. Bb2 O-O-O 12. O-O-O e5 13. Kb1 Rg8 14. Nh4 Nd4 15. Qh5 h6 {½-½ Munoz Pantoja,M (2507)-Peralta,F (2603) Catalunya-chT 2011 (4)}) 10. O-O e6 11. d4 Bd6 12. Re1 Nd7 13. c4 Qh5 14. Be3 O-O-O {[%emt 0:08:15] [#]} 15. d5 $1 c5 (15... exd5 16. cxd5) 16. b4 e5 ({Better is} 16... cxb4 $11 17. Bxa7 Ne5 18. Nxe5 Qxe2 19. Rxe2 Bxe5) 17. g3 $14 Rg4 {[%emt 0:01:53] White leaves nothing to chance now.} (17... e4 $16 18. Nd2 Qxe2 19. Rxe2 f5) 18. bxc5 Bxc5 19. Rab1 {[%emt 0:01:44] Black must now prevent Qb2.} Rdg8 $2 (19... b6 20. Nd2 $16) (19... Re4 20. Qb2 b6) 20. Qb2 b6 21. Qb5 Rxg3+ 22. hxg3 Qxf3 23. Qc6+ Kb8 24. Qxd7 $2 (24. Bxc5 $18 Nxc5 25. Qxc5 Rxg3+ 26. fxg3 Qxg3+ 27. Kf1 Qd3+ 28. Kf2 Qc2+ 29. Kf3 Qd3+ 30. Qe3 Qf5+ 31. Kg3 Qg6+ 32. Kh4) 24... Rxg3+ $2 25. fxg3 $18 Qxg3+ 26. Kh1 Bxe3 (26... Qf3+ $142 27. Kh2 Bxe3 28. Qd8+ (28. Qxf7 Qf4+ 29. Kh3 Qf5+ 30. Kh2 Qf4+ 31. Kh3 Qf5+ 32. Kh2 Qf4+ $11) 28... Kb7 29. Qd7+ Kb8 30. Qd8+ (30. Qxf7 Qf4+ 31. Kh3 Qf5+ 32. Kh2 Qf4+ 33. Kh3 Qf5+ 34. Kh2 Qf4+ $11) 30... Kb7 31. Qe7+ Kb8 32. Qf8+ (32. Qxf7 Qf4+ 33. Kh3 Qf5+ 34. Kh2 Qf4+ 35. Kh3 Qf5+ 36. Kh2 Qf4+ $11) 32... Kb7 33. Qe7+ Kb8 34. Qf8+ (34. Qxf7 Qf4+ 35. Kh3 Qf5+ 36. Kh2 Qf4+ 37. Kh3 Qf5+ 38. Kh2 Qf4+ $11) 34... Kb7 35. Qxf7+ Ka6) 27. Rxe3 Qxe3 28. Qf5 {[%emt 0:03:58] Repels Qe4+} ({Inferior is} 28. Qxf7 Qe4+ 29. Kh2 Qxb1 30. Qe8+ Kc7 31. Qe7+ Kc8 32. Qe8+ Kc7 33. Qe7+ Kc8 34. Qe8+ Kc7 $11) 28... Qh6+ 29. Kg1 Qe3+ 30. Qf2 Qd3 31. Rb3 Qxc4 32. Qxf6 Qxd5 33. Re3 {[%emt 0:03:21] Active counter play!} Qxa2 (33... Qd1+ $142 34. Kf2 Qd2+ 35. Re2 Qd4+ 36. Kg2 Qg4+ 37. Kf1 Qh3+ 38. Kf2 Qh2+ 39. Ke3 Qg1+ 40. Rf2 Qe1+ 41. Kf3 Qd1+ 42. Kg2 Qd5+ 43. Kh2 Qc4 44. Qxe5+ Kb7) 34. Qxe5+ Kb7 35. Qe7+ Kc6 36. Qe8+ Kc5 37. Qc8+ Kd4 38. Qc3+ Kd5 39. Rd3+ Ke6 40. Qe1+ Kf6 41. Rf3+ (41. Qh4+ $142 Kf5 42. Rf3+ Ke5 43. Qf6+ Ke4 44. Qf5+ Kd4 45. Rd3+ Kc4 46. Qd5+ {[%mdl 64] Skewer} (46. Qxh7 $2 {loses.} Qb1+ 47. Kh2 Qxd3 $19) 46... Kb4 47. Qxa2) 41... Kg7 42. Qe5+ Kf8 43. Qd6+ Kg7 44. Rg3+ {[%emt 0:00:08] A brilliant game!   Weighted Error Value: White=0.65/Black=1.00} 1-0

[Event "European Women-ch 2023"]
[Site "Petrovac"]
[Date "2023.03.25"]
[Round "7.16"]
[White "Paasikangas, Johanna"]
[Black "Shuqja, Klean"]
[Result "1/2-1/2"]
[Annotator "TA"]
[ECO "E27"]
[WhiteElo "2115"]
[BlackElo "1884"]
[PlyCount "151"]
[EventDate "2023.03.15"]
[EventType "swiss"]
[EventCountry "MNE"]
[SourceTitle "playchess.com"]
[Source "ChessBase"]
[SourceQuality "1"]
[TimeControl "40/5400+30:1800+30"]

1. d4 Nf6 2. c4 e6 3. Nc3 Bb4 4. a3 Bxc3+ 5. bxc3 O-O 6. Nf3 d6 {[%emt 0:00:45] E27: Nimzo-Indian: Sämisch: 5...0-0 6 f3.} 7. Qc2 Qe7 8. e4 e5 9. d5 (9. Bd3 $11) 9... Nbd7 {[%emt 0:02:15] [#]} 10. Bg5 $146 ({Predecessor:} 10. Bd3 Nc5 11. h4 Nh5 12. g3 f5 13. Nd2 f4 14. Be2 fxg3 15. Bxh5 g2 16. Rg1 Qxh4 {0-1 Dias da Silva,A (2032)-Minetto,A (2107) Birigui U2200 op 1st 2006}) 10... Nc5 11. Nd2 h6 12. Be3 Ncd7 {[%emt 0:14:06] A dynamic duo of knights.} 13. Be2 {[%emt 0:03:29] Wards off Ng4} Re8 14. h4 Nf8 15. Qd1 Ng6 16. g3 Bd7 17. h5 Nf8 18. f3 c6 19. Bd3 Rec8 20. Qb3 b6 21. Ke2 N8h7 22. a4 Rab8 23. a5 {[%emt 0:04:27] [#]} (23. Qc2 $11 {remains equal.}) 23... bxa5 (23... b5 $1 $17 {[%cal Rb5c4] White must now prevent ...bxc4.} 24. cxb5 (24. Bxa7 $2 bxc4 25. Qxb8 cxd3+ 26. Kxd3 Rxb8 $19) 24... cxd5) 24. Qa3 $1 $11 c5 25. Qxa5 Rb7 26. Bc2 Rcb8 27. Kd3 Ng5 (27... Bc8 $11) 28. Ba4 $2 {[%emt 0:08:14][%mdl 8192] [#]} (28. Bxg5 $14 {keeps the upper hand.} hxg5 29. g4) 28... Bxa4 $2 ({Black should play} 28... Nxf3 $1 $19 29. Bc6 (29. Nxf3 $2 {is the wrong capture.} Nxe4 30. Bc2 Nxg3 $19) 29... Bxc6 30. dxc6 Nxd2 31. Bxd2 (31. cxb7 $2 {too greedy.} Qxb7 32. Rh4 Ndxe4 $19) 31... Rc7) 29. Qxa4 $14 Nd7 30. g4 {[%emt 0:03:53] Active counter play!} Nb6 31. Qc2 Nc8 32. Ra2 (32. Rab1 {feels hotter.} Nb6 33. Rb5 Qf6 34. Qa2) 32... f6 33. Ke2 (33. Qc1 {seems wilder.} Ra8 34. Qa1 Qf7 35. Ke2) 33... Rb6 34. Kf2 Qb7 35. Qa4 Kf8 36. Kg3 Qe7 37. Rha1 R8b7 38. Qc2 Nf7 39. Nf1 Qc7 40. Bc1 Qb8 41. Ne3 Qc7 42. Nf5 Qb8 43. Ra6 Rxa6 44. Rxa6 Rb6 45. Ra2 Qb7 46. Qa4 Qc7 47. Nh4 {[%emt 0:00:36] Intending Ng6+ and mate.} Ng5 48. Qc2 (48. Be3 {is interesting.} Qb7 49. Ng6+ Kf7 50. Qa5) 48... Qb7 49. Ng2 Ra6 50. Ne1 (50. Rb2 $14 Rb6 51. Rxb6 Nxb6 52. Bxg5 fxg5 53. Qa2) 50... Rxa2 51. Qxa2 Nb6 52. Nc2 (52. Ng2 $14) 52... Qd7 $11 53. Kf2 Qa4 54. Qxa4 Nxa4 {[%emt 0:00:01][%mdl 4096] Endgame KBN-KNN} 55. Na3 a6 56. Bd2 (56. Bxg5 $11 fxg5 57. Nc2) 56... Nb6 $15 57. Bxg5 hxg5 $17 {[%emt 0:01:41] KN-KN} (57... fxg5 $17 58. Nc2 a5) 58. Ke2 $11 {[%emt 0:00:19] The position is equal.} Kf7 59. Nc2 Na4 60. Kd2 g6 61. Ne3 {[%emt 0:01:21] Strongly threatening hxg6+.} Nb6 62. Kd3 Kg7 63. hxg6 Kxg6 64. Nf5 Nc8 65. Kc2 {[%emt 0:00:09] Kb3 would be deadly.} Kf7 $1 66. Kb3 {[%emt 0:00:06] Hoping for Ka4.} Ke8 $1 67. Ka4 {[%emt 0:00:06] aiming for Ka5.} Nb6+ 68. Kb3 Kd7 69. Ne3 Ke7 70. Kc2 Kd7 71. Kd3 Na4 72. Kc2 Nb6 73. Kb3 Kc7 74. Nf1 Kd7 75. Nd2 Kc7 76. Nf1 {[%emt 0:03:01] Weighted Error Value: White=0.23 (precise) /Black=0.23 (precise)} 1/2-1/2

[Event "European Women-ch 2023"]
[Site "Petrovac"]
[Date "2023.03.25"]
[Round "7.17"]
[White "Hrescak, Ivana"]
[Black "Zawadzka, Jolanta"]
[Result "1/2-1/2"]
[Annotator "TA"]
[ECO "E11"]
[WhiteElo "2127"]
[BlackElo "2391"]
[PlyCount "103"]
[EventDate "2023.03.15"]
[EventType "swiss"]
[EventCountry "MNE"]
[SourceTitle "playchess.com"]
[Source "ChessBase"]
[SourceQuality "1"]
[TimeControl "40/5400+30:1800+30"]

1. d4 Nf6 2. c4 e6 3. Nf3 d5 4. g3 Bb4+ 5. Bd2 Be7 6. Qc2 {[%emt 0:02:04] E11: Bogo-Indian.} O-O 7. Bg2 a5 8. O-O {[%emt 0:01:50] White has an edge.} c6 9. Bg5 Nbd7 10. Nbd2 h6 11. Bxf6 Bxf6 12. e4 b6 {[%emt 0:01:03] [#]} 13. Rfe1 $146 ({Predecessor:} 13. exd5 exd5 14. cxd5 c5 15. Ne4 Ba6 16. Rfd1 c4 17. a4 g6 18. Re1 Bg7 19. Nc3 {1-0 Jurcik,M (2349)-Brzezinski,A (2238) Prague op-A 15th 2016 (7)}) 13... Bb7 14. Rac1 Rc8 15. Qb3 Rc7 16. a3 Qb8 17. cxd5 cxd5 {[%emt 0:00:20] White must now prevent ...Rxc1.} 18. e5 Be7 19. Rxc7 Qxc7 20. Bf1 Rc8 21. Bd3 Nb8 22. Nb1 Bc6 23. Nc3 Qb7 24. Nb5 Bd7 25. h4 Rc4 {[%emt 0:05:49][%mdl 64] Hoping for ...a4. Deflection} 26. Nc3 (26. Bxc4 dxc4 27. Qxc4 Qxf3 $17) 26... a4 27. Qd1 Rc8 28. Bb1 b5 ({Black should try} 28... Kf8 $1 $14) 29. h5 (29. Qd3 $16 {White threatens Qh7+ and mate.} Kf8 30. Qh7) 29... Be8 $2 (29... Kf8 $11 {and Black stays safe.}) 30. Qd3 $18 {[%emt 0:01:29] Threatening mate with Qh7+.} g6 31. Kg2 $1 b4 32. axb4 Qxb4 (32... Bxb4 $16 33. Rh1 Bf8) 33. Rh1 Qxb2 34. hxg6 $1 {[%emt 0:00:34][%mdl 64] Discovered Attack} fxg6 {[%emt 0:00:15] [#]} (34... Qxc3 $2 35. gxf7+ Bxf7 36. Qh7+ Kf8 37. Qh8+ Bg8 38. Bg6 $18) 35. Nxa4 {[%emt 0:01:32][%mdl 576] Deflection} Qa3 {[%emt 0:00:54] [#]} 36. Qd2 h5 {[%emt 0:05:07] [#]} (36... Bxa4 {leads to mate.} 37. Qxh6 (37. Bxg6 Bf8 $18) (37. Bxg6 Bf8 $16)) 37. Nc5 Bxc5 38. dxc5 Nd7 (38... Qa7 {is a better defense.} 39. Nd4 Qe7) 39. Qg5 ({Weaker is} 39. Qh6 Nf8 $16) 39... Nf8 40. Rxh5 Qxc5 (40... Rxc5 $142 41. Rh6 Rc7) 41. Rh4 {[%emt 0:09:28] Qf6 would kill now.} Rc7 42. Qf6 Rg7 {[%emt 0:00:18] [#]} 43. Ng5 (43. Nh2 $1 $18 {[%cal Rh2g4] Ng4 is the strong threat.} Qe7 44. Ng4 Qxf6 45. Nxf6+ Kf7 46. Rb4) 43... Qe7 $16 44. Qf4 {[%emt 0:00:06] aiming for Qg4. White has more active pieces.} Nh7 45. Nxh7 Rxh7 46. Rg4 Kg7 47. Qf3 Rh5 48. Qf4 (48. Qc3 $16) 48... Qd8 (48... Rh7 $1 $11 {keeps the balance.}) 49. Bd3 Qe7 (49... Bf7 $14) 50. Bb1 (50. Qc1 $16) 50... Qd8 (50... Rh7 $11) 51. Bd3 Qe7 52. Bb1 {[%emt 0:00:29] Weighted Error Value: White=0.21 (precise) /Black=0.26 (precise)} (52. Qc1 $16) 1/2-1/2

[Event "European Women-ch 2023"]
[Site "Petrovac"]
[Date "2023.03.25"]
[Round "7.17"]
[White "Makropoulou, Marina"]
[Black "Huseynova, Lala"]
[Result "1-0"]
[Annotator "TA"]
[ECO "B90"]
[WhiteElo "2102"]
[BlackElo "1694"]
[PlyCount "55"]
[EventDate "2023.03.15"]
[EventType "swiss"]
[EventCountry "MNE"]
[SourceTitle "playchess.com"]
[Source "ChessBase"]
[SourceQuality "1"]
[TimeControl "40/5400+30:1800+30"]

1. e4 c5 2. Nf3 d6 3. d4 cxd4 4. Nxd4 Nf6 5. Nc3 a6 6. a4 e5 7. Nf3 Be6 8. Ng5 {[%emt 0:01:16] B90: Sicilian Najdorf: Unusual White 6th moves, 6 Be3 Ng4 and 6 Be3 e5.} Qc7 9. Nxe6 fxe6 10. Qd3 {[%emt 0:06:42] [#] White is slightly better.} Nc6 $146 {[%emt 0:06:17] ...Nb4 is the strong threat.} ({Predecessor:} 10... Nbd7 11. Qc4 Qxc4 12. Bxc4 Kf7 13. O-O Rc8 14. Ba2 Nc5 15. f3 Be7 16. Be3 Rhd8 {1-0 Schulze,D (1980)-Grohmann,K (1898) BL 0910 (Women) 2009 (3.5)}) 11. Qh3 $1 Nd4 12. Bd3 Be7 13. Be3 Qb6 (13... Rc8 $14) 14. O-O Nd7 (14... Qxb2 $2 15. Bxd4 exd4 16. Ne2) (14... Qc7 $16 15. a5 Rd8) 15. Ne2 Nf8 16. Kh1 {[%emt 0:01:38] [#] Threatens to win with c3.} Bf6 $2 (16... Qc7 {is a better chance.} 17. Nxd4 exd4) 17. c3 $18 {[%emt 0:00:40] White is clearly winning.} Qb3 18. Ra3 ({Not} 18. Nxd4 exd4 19. Bxd4 h5 $18) 18... Qxb2 19. Bc1 Qb6 20. cxd4 exd4 21. Nf4 Rc8 22. Nxe6 Rc3 23. Nf4 Qc5 24. Rxc3 dxc3 25. Be3 Qc6 26. Nd5 Qxa4 27. Qc8+ Kf7 28. Qxb7+ {[%emt 0:00:37] White took control after the opening.   Weighted Error Value: White=0.32/Black=0.65} 1-0

[Event "European Women-ch 2023"]
[Site "Petrovac"]
[Date "2023.03.25"]
[Round "7.18"]
[White "Balajayeva, Khanim"]
[Black "Froewis, Annika"]
[Result "0-1"]
[Annotator "TA"]
[ECO "A18"]
[WhiteElo "2372"]
[BlackElo "2123"]
[PlyCount "74"]
[EventDate "2023.03.15"]
[EventType "swiss"]
[EventCountry "MNE"]
[SourceTitle "playchess.com"]
[Source "ChessBase"]
[SourceQuality "1"]
[TimeControl "40/5400+30:1800+30"]

1. c4 e6 2. Nc3 Nf6 3. e4 d5 4. e5 d4 5. exf6 dxc3 6. bxc3 Qxf6 7. d4 e5 8. Nf3 exd4 9. Bg5 Qe6+ 10. Be2 {[%emt 0:00:08] [#]} Qg6 $146 {[%emt 0:07:32] [#] A18: English Opening: Flohr-Mikenas System (1 c4 Nf6 2 Nc3 e6 3 e4).} (10... h6 $11 11. Nxd4 Qd7) ({Predecessor:} 10... Be7 11. Nxd4 Qe5 12. Bxe7 Qxe7 13. O-O O-O 14. Re1 Qf6 15. Nb5 Na6 16. Qd4 Qxd4 17. cxd4 Rd8 18. c5 Bd7 {1-0 Dubov,D (2714)-Aronian,L (2782) Speed Chess Chess.com INT blitz 2021 (1.25)}) 11. O-O $1 $18 (11. Qxd4 $6 Nc6 12. Qe3+ Qe6 $14) (11. cxd4 $6 Bb4+ 12. Kf1 O-O $14) 11... Bd6 (11... Nc6 $142) 12. cxd4 {[%emt 0:15:26] c5 is the strong threat.} (12. Bd3 $6 Qh5 $16) 12... h6 {[%emt 0:09:23] White has a decisive advantage.} 13. Bd3 Bxh2+ 14. Kh1 Qh5 15. Re1+ (15. Nxh2 hxg5 16. Qxh5 Rxh5 $11) 15... Be5+ 16. Bh4 Nc6 17. Kg1 (17. Nxe5 Qxh4+ 18. Kg1 O-O $11) (17. dxe5 $6 Bg4 $16) (17. Rxe5+ $6 Nxe5 18. Qe2 (18. dxe5 g5 $17 {[%mdl 64] Pin}) 18... O-O 19. Qxe5 (19. Nxe5 $2 Qxh4+ 20. Kg1 Qxd4 $19) 19... Qxe5 20. Nxe5 c6 $16) 17... Bg4 {[%emt 0:02:44] [#]} 18. Be4 (18. dxe5 Bxf3 19. Qxf3 Qxh4 $16) (18. Bg3 $1 $18 O-O-O 19. dxe5) 18... O-O $11 {[%emt 0:07:20][%cal Oc6d4] Hoping for ...Nxd4!} 19. dxe5 (19. Bxc6 $5 Bh2+ $8 20. Kxh2 bxc6 21. Kg1 Bxf3 {[%mdl 64] Remove Defender} 22. Qxf3 Qxh4 23. Rad1 $11) 19... Bxf3 {[%emt 0:01:47][%mdl 64] Remove Defender} 20. Qxf3 Qxh4 21. Bxc6 bxc6 22. Qxc6 Qe7 23. Rad1 Qa3 (23... Rad8 $5 ) 24. Rd7 Qxa2 25. Rxc7 (25. Qxc7 {simplifies} Rac8 26. Qxa7 Qxa7 27. Rxa7 Rxc4 28. g3) 25... Rae8 26. Qd5 a5 (26... Rd8 {simplifies} 27. Qc5 Qd2 28. Qe3 Qxe3 29. Rxe3 a5) 27. f4 a4 28. f5 {[%emt 0:02:11] And now e6 would win.} a3 (28... Qb2 $5 ) 29. f6 Qb2 {[%emt 0:09:16] ...a2 would be deadly.} 30. Rb7 Qc3 {[%emt 0:00:24] Some like it hot} 31. Re2 (31. Qe4 $11 {and White is okay.}) 31... a2 $19 {[%emt 0:02:27][%mdl 64] Deflection} (31... gxf6 32. e6 Rxe6 33. Rxe6 $11) 32. Rxa2 Rxe5 {[%emt 0:01:32] ( -> ...Qe1+)} (32... gxf6 33. Qf3 Qc1+ 34. Qf1 (34. Kh2 Rxe5 35. Rf2 Qxc4 $15) 34... Qxf1+ 35. Kxf1 $15) 33. Qd2 (33. Qf3 Qd4+ 34. Kh2 Qh4+ 35. Qh3 Qxf6 36. Rb5) 33... Qxc4 $2 ({Worse is} 33... Re1+ 34. Kf2 Qxf6+ 35. Kxe1 $17) (33... Qg3 {White must now prevent ...Re1+.} 34. Rb1 Rh5) 34. fxg7 $2 (34. Rb1) 34... Qc5+ ({Stronger than} 34... Kxg7 35. Rc2 Qd5 36. Qxd5 Rxd5 37. g3 $15) 35. Qf2 Re1+ ({Weaker is} 35... Kxg7 36. Qxc5 Rxc5 37. g3 $15) 36. Kh2 Qe5+ $2 (36... Qh5+ {mates} 37. Kg3 Qe5+ 38. Kf3 Qc3+ 39. Kf4 Rfe8 40. Qxe1 Qxe1 41. Rb3 Qe5+ 42. Kf3 Qd5+ 43. Kf2 Qxb3 44. Re2 Qb6+ 45. Ke1 Qg1+ 46. Kd2 Rd8+ 47. Kc2 Qd4 48. Re7 Qc4+ 49. Kb2 Rd2+ 50. Kb1 Qf1+ 51. Re1 Qxe1#) 37. g3 $2 (37. Qg3 $11 Qh5+ 38. Qh3 Qxh3+ 39. Kxh3 Kxg7 40. g4) 37... Qh5+ {[%emt 0:00:06] Beautiful play by Froewis!   Weighted Error Value: White=0.90/Black=0.40} 0-1